 Dungeon Crawl Stone Soup version 0.28-a0-1513-ge4f4046303 (webtiles) character file.

Game seed: 12926572766125575493

13000 Lekart the Cleaver (level 11, -5/97 HPs)
             Began as a Yellow Draconian Abyssal Knight on Jan 16, 2022.
             Was a High Priest of Lugonu.
             Slain by a six-headed hydra (11 damage)
             ... on level 11 of the Dungeon.
             The game lasted 00:17:43 (12509 turns).

Lekart the Cleaver (DrAK)                          Turns: 12509, Time: 00:17:44

Health: -5/97      AC: 13    Str: 31    XL:     11   Next: 69%
Magic:  6/18       EV: 20    Int: 11    God:    Lugonu [*****.]
Gold:   425        SH:  0    Dex: 19    Spells: 10/10 levels left

rFire   + . .      SeeInvis .   k - +4 war axe of Surasu {vorpal, Will+ Dex+3}
rCold   + . .      Faith    .   (no shield)
rNeg    . . .      Spirit   .   (armour unavailable)
rPois   .          Reflect  .   (helmet restricted)
rElec   .          Harm     .   e - scarf {rC+ rF+}
rCorr   +          Rampage  .   F - +2 pair of gloves {Str+3}
Will    +....                   j - +2 pair of boots of Dim Light {+Inv Str+7 Stlth-}
Stlth   +.........              (no amulet)
HPRegen 0.26/turn               B - +6 ring of strength
MPRegen 0.16/turn               r - +4 ring of evasion

@: no status effects
A: spit acid, AC +7, unfitting armour, cold-blooded, acid resistance
a: Breathe Acid, Renounce Religion, Evoke Invisibility, Depart the Abyss, Bend
Space, Banish, Corrupt, Enter the Abyss


You were on level 11 of the Dungeon.
You worshipped Lugonu.
Lugonu was extremely pleased with you.
You visited 1 branch of the dungeon, and saw 11 of its levels.
You visited the Abyss 1 time.
You also visited: Bailey.

You collected 635 gold pieces.
You spent 210 gold pieces at shops.

Inventory:

Hand Weapons
 a - a +2 falchion
 k - the +4 war axe of Surasu (weapon) {vorpal, Will+ Dex+3}
   (You found it on level 3 of the Dungeon)

   It inflicts extra damage upon your enemies.
   Dex:       It affects your dexterity (+3).
   Will:      It increases your willpower.
 t - a +0 scimitar of flaming
 z - a +4 great sword
Missiles
 c - 25 poisoned darts
 x - 3 throwing nets
Armour
 e - a scarf of resistance (worn)
 j - the +2 pair of boots of Dim Light (worn) {+Inv Str+7 Stlth-}
   (You acquired it on level 5 of the Dungeon)

   Str:       It affects your strength (+7).
   +Inv:      It lets you turn invisible.
   Stlth:     It makes you less stealthy.
 F - a +2 pair of gloves of strength (worn)
Jewellery
 p - a ring of willpower
 r - a +4 ring of evasion (right hand)
 y - a ring of see invisible
 B - a +6 ring of strength (left hand)
 D - a ring of wizardry
Wands
 m - a wand of digging (6)
 s - a wand of acid (10)
 u - a wand of flame (2)
 v - a wand of paralysis (6)
 w - a wand of iceblast (17)
Scrolls
 b - 3 scrolls of amnesia
 g - 5 scrolls of teleportation
 n - 2 scrolls of noise
 o - a scroll of enchant armour
 E - 2 scrolls of magic mapping
 J - a scroll of blinking
 K - a scroll of holy word {unknown}
Potions
 d - 3 potions of might
 f - a potion of lignification
 h - a potion of ambrosia
 i - 5 potions of curing
 l - a potion of invisibility
 q - 4 potions of heal wounds
 A - a potion of cancellation
 C - a potion of brilliance
 G - 3 potions of resistance {unknown}
 H - a potion of magic {unknown}
 I - 2 potions of haste {unknown}
 L - a potion of flight


   Skills:
 + Level 9.3 Fighting
 + Level 4.6 Long Blades
 + Level 12.0 Axes
 + Level 6.7 Dodging
 * Level 10.4 Invocations
 + Level 0.3 Evocations


You had 10 spell levels left.
You didn't know any spells.
Your spell library contained the following spells:

 Spells                   Type           Power      Damage    Failure   Level
 Freeze                   Ice            0%         1d3       34%         1
 Sandblast                Erth           0%         2d4       34%         1
 Passwall                 Tmut/Erth      0%         N/A       47%         2
 Dazzling Flash           Conj/Hex       0%         N/A       71%         3
 Frozen Ramparts          Ice            0%         1d2       71%         3
 Portal Projectile        Hex/Tloc       0%         N/A       71%         3
 Stone Arrow              Conj/Erth      0%         3d7       71%         3
 Tukima's Dance           Hex            0%         N/A       71%         3
 Anguish                  Hex/Necr       0%         N/A       98%         4
 Hailstorm                Conj/Ice       0%         3d3       98%         4
 Iskenderun's Mystic Bla  Conj/Tloc      0%         2d3       98%         4
 Blade Hands              Tmut           0%         N/A       100%        5
 Excruciating Wounds      Necr           0%         N/A       100%        5
 Starburst                Conj/Fire      0%         6d3       100%        6
 Enfeeble                 Hex            0%         N/A       100%        7


Dungeon Overview and Level Annotations

Branches:
Dungeon (11/15)            Temple (0/1) D:5            Lair (0/6) D:9
    Orc (0/2) D:10         Bailey (visited)

Altars:
Elyvilon
Fedhas
Kikubaaqudgha
Nemelex Xobeh
Ru
Trog
Vehumet
Zin
Beogh

Shops:
D:8 [*[[

Annotations:
D:5 3 runed translucent doors, bezhaha's ghost, novice DEFE; kuniqs's ghost, amateur MiBe
Abyss:1 Prince Ribbit


Innate Abilities, Weirdness & Mutations

You can spit globs of acid.
Your golden yellow scales are hard. (AC +7)
You cannot fit into any form of body armour.
You are cold-blooded and may be slowed by cold attacks.
You are resistant to acid. (rCorr)


Message History

You chop one of the four-headed hydra's heads off!
The three-headed hydra grows two more!
You slash the five-headed hydra!
The five-headed hydra is lightly wounded.
The five-headed hydra bites you. The five-headed hydra bites you!
The five-headed hydra closely misses you.
The five-headed hydra barely misses you.
The five-headed hydra closely misses you.
There are monsters nearby!
You lop one of the five-headed hydra's heads off!
The four-headed hydra grows two more!
You slash the six-headed hydra!
The six-headed hydra is moderately wounded.
The six-headed hydra closely misses you.
The six-headed hydra completely misses you.
The six-headed hydra closely misses you.
The six-headed hydra bites you!
The six-headed hydra bites you but does no damage.
The six-headed hydra completely misses you.
Press: ? - help, Shift-Dir - straight line, f - six-headed hydra
Aim: a six-headed hydra (moderately wounded, chance to affect: 57%)
The six-headed hydra resists with significant effort.
The six-headed hydra bites you!
The six-headed hydra completely misses you. x2
The six-headed hydra bites you!
* * * LOW HITPOINT WARNING * * *
The six-headed hydra closely misses you.
The six-headed hydra barely misses you.
Press: ? - help, Shift-Dir - straight line, f/p - six-headed hydra
Aim: a six-headed hydra (moderately wounded, chance to affect: 57%)
The six-headed hydra resists with significant effort.
The six-headed hydra bites you but does no damage. x2
The six-headed hydra completely misses you.
The six-headed hydra barely misses you. The six-headed hydra bites you!
* * * LOW HITPOINT WARNING * * *
The six-headed hydra bites you but does no damage.
Press: ? - help, Shift-Dir - straight line, f/p - six-headed hydra
Aim: a six-headed hydra (moderately wounded, chance to affect: 57%)
The six-headed hydra resists with significant effort.
The six-headed hydra bites you but does no damage.
The six-headed hydra misses you. The six-headed hydra bites you!
You die...

#.####<##.##......
#.#.###).......[..
#.#..))...........
#.#.###......#####
#.#.# ########
#.#.########
#$..........
#.#.######## #@#.#
#D#.# #T#.# .>...
$##.# .. ..# ..
...


You could see a six-headed hydra and a troll.

Vanquished Creatures
  Harold (D:7)
  A two-headed ogre (D:10)
  Erica (D:8)
  Joseph (D:8)
  A kobold demonologist (D:10)
  2 unseen horrors
  2 polar bears (D:10)
  4 trolls
  5 yaks
  6 humans (Bailey)
  3 steam dragons
  3 wyverns
  An acid dragon (D:8)
  2 ice beasts
  10 orc warriors
  3 black bears
  A necrophage (D:5)
  2 centaurs
  The ghost of bgiannan the Skirmisher, an amateur GrFi (D:3)
  2 ogres
  A kobold brigand (D:8)
  15 bullfrogs
  2 water moccasin zombies
  5 scorpions
  8 killer bees
  5 wights (D:8)
  An electric eel (D:9)
  A centaur zombie (D:10)
  3 jellies
  6 orc priests
  3 hounds
  2 iguanas (D:5)
  Crazy Yiuf (D:4)
  2 centaur skeletons (D:7)
  4 orc wizards
  Natasha (thrice) (D:2)
  2 killer bee zombies
  2 hound skeletons (D:5)
  7 adders
  3 gnolls (Bailey)
  2 shadow imps
  A white imp (D:7)
  3 ufetubi
  3 worms
  4 dart slugs
  44 orcs
  7 bats
  10 endoplasms
  A giant cockroach (D:1)
  11 goblins
  5 hobgoblins
  5 quokkas
  8 ball pythons
  4 frilled lizards
  6 kobolds
  6 rats
248 creatures vanquished.

Vanquished Creatures (others)
  23 fungi
  4 plants (D:9)
27 creatures vanquished.

Grand Total: 275 creatures vanquished

Notes
Turn   | Place    | Note
-------+----------+-------------------------------------------
     0 | Abyss:1  | Lekart the Draconian Abyssal Knight began the quest for the
                  | Orb.
     0 | Abyss:1  | Reached XP level 1. HP: 19/19 MP: 2/2
    14 | Abyss:1  | Found a corrupted altar of Lugonu.
    18 | D:1      | Escaped the Abyss
   257 | D:1      | Reached XP level 2. HP: 26/26 MP: 3/3
   629 | D:1      | Reached ** piety under Lugonu
  1036 | D:1      | Reached XP level 3. HP: 31/33 MP: 4/4
  1597 | D:2      | Noticed Natasha
  1608 | D:2      | Killed Natasha
  1609 | D:2      | Reached XP level 4. HP: 33/40 MP: 5/5
  1766 | D:2      | Noticed Natasha
  1780 | D:2      | Killed Natasha
  2044 | D:2      | Noticed Natasha
  2068 | D:2      | Killed Natasha
  2255 | D:3      | Found a runed translucent door.
  2285 | D:3      | Found a faded altar of an unknown god.
  2345 | D:3      | Reached XP level 5. HP: 36/47 MP: 7/7
  2458 | D:3      | Noticed bgiannan's ghost (amateur GrFi)
  2586 | D:3      | Identified the +4 war axe of Surasu {vorpal, Will+ Dex+3}
  3107 | D:3      | Killed bgiannan's ghost
  3108 | D:3      | Reached XP level 6. HP: 33/53 MP: 8/8
  3226 | D:4      | Reached skill level 1 in Axes
  3589 | D:4      | Reached skill level 2 in Axes
  3767 | D:4      | Found a runed translucent door.
  3768 | D:4      | Noticed Crazy Yiuf
  3813 | D:4      | Reached skill level 5 in Fighting
  3813 | D:4      | Your scales start taking on a golden yellow colour.
  3813 | D:4      | Reached XP level 7. HP: 49/61 MP: 9/9
  3813 | D:4      | Gained mutation: You are resistant to acid. (rCorr) [Yellow
                  | Draconian growth]
  4312 | D:4      | Found a blossoming altar of Fedhas.
  4322 | D:4      | Found a sacrificial altar of Ru.
  4513 | D:4      | Killed Crazy Yiuf
  4589 | D:5      | Entered Level 5 of the Dungeon
  4615 | D:5      | Reached skill level 3 in Axes
  4658 | D:5      | Reached *** piety under Lugonu
  4965 | D:5      | Reached skill level 4 in Axes
  5063 | D:5      | Found a runed translucent gate.
  5063 | D:5      | Found a runed translucent gate.
  5063 | D:5      | Found a runed translucent gate.
  5140 | D:5      | Reached XP level 8. HP: 66/69 MP: 11/11
  5224 | D:5      | Found a staircase to the Ecumenical Temple.
  5393 | D:5      | Reached skill level 5 in Invocations
  5678 | D:5      | Noticed bezhaha's ghost (novice DEFE)
  5678 | D:5      | Noticed kuniqs's ghost (amateur MiBe)
  5683 | D:5      | Identified a scroll of acquirement
  5690 | D:5      | Acquired the +2 pair of boots of Dim Light {+Inv Str+7
                  | Stlth-}
  5931 | D:6      | Reached skill level 5 in Axes
  6812 | D:7      | Noticed a troll
  6819 | D:7      | Killed a troll
  6820 | D:7      | Reached skill level 6 in Axes
  6920 | D:7      | Found a glowing silver altar of Zin.
  6920 | D:7      | Found a sparkling altar of Nemelex Xobeh.
  7011 | D:7      | Reached XP level 9. HP: 36/78 MP: 13/13
  7268 | D:7      | Reached skill level 7 in Axes
  7273 | D:7      | Noticed Harold
  7288 | D:7      | Killed Harold
  7289 | D:7      | Reached skill level 8 in Axes
  7646 | D:7      | Found a radiant altar of Vehumet.
  8272 | D:8      | Found Lovik's Antique Armour Shop.
  8277 | D:8      | Bought a pair of glowing gloves for 210 gold pieces
  8320 | D:8      | Noticed Joseph
  8336 | D:8      | Killed Joseph
  8337 | D:8      | Reached skill level 5 in Dodging
  8463 | D:8      | Found Daruuck's Book Boutique.
  8493 | D:8      | Noticed Erica
  8508 | D:8      | Killed Erica
  8509 | D:8      | Reached skill level 9 in Axes
  8509 | D:8      | Reached XP level 10. HP: 41/88 MP: 15/15
  8768 | D:8      | Reached **** piety under Lugonu
  8802 | D:8      | Found Obilel's General Store.
  8831 | D:8      | Found Yhysm's Antique Armour Emporium.
  9598 | D:8      | Found an ancient bone altar of Kikubaaqudgha.
  9618 | D:8      | Found Muromul's Antique Armour Emporium.
  9727 | D:9      | Found a flagged portal.
  9747 | Bailey   | Entered a bailey
  9794 | Bailey   | Reached skill level 10 in Axes
  9922 | Bailey   | Reached ***** piety under Lugonu
 10035 | Bailey   | Noticed a vault guard
 10035 | Bailey   | Noticed Prince Ribbit
 10036 | Bailey   | Banished Prince Ribbit
 10038 | Bailey   | Banished a vault guard
 10039 | Bailey   | Reached XP level 11. HP: 95/95 MP: 4/17
 10163 | D:9      | Reached skill level 11 in Axes
 10558 | D:9      | Found a staircase to the Lair.
 10927 | D:9      | Found a white marble altar of Elyvilon.
 11059 | D:10     | Entered Level 10 of the Dungeon
 11160 | D:10     | Found a staircase to the Orcish Mines.
 11287 | D:10     | Noticed a two-headed ogre
 11296 | D:10     | Killed a two-headed ogre
 11470 | D:10     | Reached skill level 10 in Invocations
 12028 | D:10     | Found a bloodstained altar of Trog.
 12156 | D:10     | Noticed a two-headed ogre
 12161 | D:10     | Banished a two-headed ogre
 12361 | D:11     | Reached skill level 12 in Axes
 12502 | D:11     | Noticed a four-headed hydra
 12509 | D:11     | Slain by a six-headed hydra

Illustrated notes

Levels and vault maps discovered:
D:1:      roderic_dead_forest, layout_basic, minmay_tripent
D:2:      layout_basic, serial_forest, infiniplex_forest_clump_tiny,
          infiniplex_forest_lined_room_3, infiniplex_forest_clump_large,
          infiniplex_forest_straight_4, infiniplex_forest_clump_C,
          infiniplex_forest_lined_ring, uniq_natasha
D:3:      layout_loops_cross, ebering_ghost_sewer_d,
          shapermc_ecumenical_altar_acropolis, minmay_randomly_rotated_circles
D:4:      layout_basic, amethyst_overflow_temple_binary, minmay_ruptured,
          uniq_crazy_yiuf_cottage
D:5:      layout_loops_ring, minmay_temple_entry_hall, gammafunk_ghost_cemetery,
          small_statue_intersection
D:6:      layout_basic
D:7:      kennysheep_steamy, layout_basic, mainiacjoe_overflow_six_doors_small,
          jmf_multi_god_temple, minmay_circle_x, uniq_harold
D:8:      layout_loops_corners, lemuel_coloured_pillars_altar, serial_shops,
          shop, shop, nicolae_shop_waterfront, nicolae_square_shop, shop,
          uniq_erica, uniq_joseph
D:9:      hellmonk_warped_wall, layout_small_grid, nicolae_elyvilon_temple_path,
          grunt_lair_entry_orc_guard_hut, enter_bailey_5
D:10:     layout_roguey, trog_ov_bears_minmay, david_orc_5
D:11:     layout_basic, portal_ice_cave_entry_pillars_1

Skill      XL: |  1  2  3  4  5  6  7  8  9 10 11 |
---------------+----------------------------------+-----
Fighting       | 4 5 6 7 8 9 |  9.3
Long Blades    | 3 4 |  4.6
Invocations    | 3 4 5 7 9 10 | 10.4
Dodging        | 3 4 5 6 |  6.7
Axes           | 2 4 6 9 10 12 | 12.0
Evocations     | |  0.3

Action                   |  1- 3 |  4- 6 |  7- 9 | 10-12 || total
-------------------------+-------+-------+-------+-------++-------
Melee: Falchion          |    88 |    52 |       |       ||   140
       Tailslap          |    11 |     9 |    34 |    41 ||    95
       War axe           |       |    49 |   187 |   278 ||   514
       Punch             |       |       |       |     1 ||     1
Invok: Bend Space        |     4 |       |       |       ||     4
       Banish            |       |       |       |     8 ||     8
 Abil: Breathe Acid      |       |       |     6 |     7 ||    13
Evoke: Wand              |       |       |     3 |     1 ||     4
  Use: Scroll            |       |     6 |    13 |     1 ||    20
       Potion            |       |     2 |       |       ||     2
 Stab: Sleeping          |     1 |     3 |     1 |       ||     5
       Paralysed         |       |       |    10 |       ||    10
Armor: Skin              |    36 |    25 |    49 |    90 ||   200
Dodge: Dodged            |    68 |    59 |   168 |   331 ||   626

Table legend: (Time is in decaauts)
 A = Elapsed time spent in this place.
 B = Non-inter-level travel time spent in this place.
 C = Inter-level travel time spent in this place.
 D = Time resting spent in this place.
 E = Time spent auto-exploring this place.
 F = Levels seen in this place.
 G = Mean time per level.
                   A        B        C        D        E       F      G
               +--------+--------+--------+--------+--------+-----+--------+
         Total |  12613 |  12215 |    398 |   1641 |   8782 |  13 |  970.2 |
       Dungeon |  12215 |  11817 |    398 |   1430 |   8741 |  11 | 1110.5 |
         Abyss |     18 |     18 |      0 |      0 |     10 |   1 |   18.0 |
        Bailey |    380 |    380 |      0 |    211 |     31 |   1 |  380.0 |
               +--------+--------+--------+--------+--------+-----+--------+

Top non-repeatable levels by time:
     D:8: 1519 daAuts
     D:4: 1452 daAuts
     D:7: 1437 daAuts
     D:9: 1384 daAuts
     D:2: 1165 daAuts
     D:5: 1153 daAuts
     D:1: 1095 daAuts
     D:6: 1029 daAuts
     D:3: 928 daAuts
    D:10: 873 daAuts
  Bailey: 380 daAuts
    D:11: 175 daAuts
 Abyss:1: 18 daAuts
